[Event "PanAm Intercolleagiate-ch 2019"]
[Site "Charlotte"]
[Date "2019.12.28"]
[Round "2.4"]
[White "Beatrez, Patrick"]
[Black "Hakobyan, Aram"]
[Result "1-0"]
[ECO "A43"]
[WhiteElo "1801"]
[BlackElo "2576"]
[Annotator "ChessBase"]
[PlyCount "90"]
[EventDate "2019.12.27"]
[EventType "team-tourn"]
[EventCountry "USA"]
[SourceTitle "playchess.com"]
[Source "ChessBase"]
[SourceQuality "1"]
[TimeControl "5400+30"]

1. d4 Nf6 2. Nf3 c5 3. d5 e6 4. Nc3 exd5 5. Nxd5 Nxd5 6. Qxd5 d6 7. e4 Nc6 8. Ng5 Qc7 9. Bc4 Ne5 10. Bb5+ Bd7 11. Bxd7+ Qxd7 12. Bf4 Ng6 13. Bg3 h6 14. Nf3 O-O-O 15. O-O Qe6 16. Qd3 d5 17. Rad1 d4 18. Qa3 Qb6 19. Nd2 h5 20. h3 h4 21. Bh2 Bd6 22. Bxd6 Qxd6 23. Nc4 Qc6 24. Qxa7 Nf4 25. Rfe1 Rh5 26. Na5 Qc7 27. Nc4 Qc6 28. Nb6+ Kc7 29. Nd5+ Rdxd5 30. Qa5+ Kd7 31. exd5 Qxd5 32. Qb5+ Kd6 33. f3 Rg5 34. Rd2 Qxf3 35. Rxd4+ cxd4 36. Qxg5 Ne2+ 37. Kh2 Qg3+ 38. Qxg3+ Nxg3 39. Re8 f6 40. Rd8+ Kc5 41. Rd7 b5 42. Rxg7 Nf5 43. Rf7 Ne3 44. Kg1 Nxc2 45. Rc7+ Kd5 1-0

[Event "PanAm Intercolleagiate-ch 2019"]
[Site "Charlotte"]
[Date "2019.12.28"]
[Round "2.7"]
[White "Theodorou, Nikolas"]
[Black "Draganoff, Daniel"]
[Result "1-0"]
[ECO "D15"]
[WhiteElo "2555"]
[BlackElo "2135"]
[Annotator "ChessBase"]
[PlyCount "99"]
[EventDate "2019.12.27"]
[EventType "team-tourn"]
[EventCountry "USA"]
[SourceTitle "playchess.com"]
[Source "ChessBase"]
[SourceQuality "1"]
[TimeControl "5400+30"]

1. d4 d5 2. c4 c6 3. Nf3 Nf6 4. Nc3 dxc4 5. e4 b5 6. Be2 e6 7. O-O Be7 8. b3 cxb3 9. Qxb3 Nbd7 10. e5 Nd5 11. Nxd5 exd5 12. Qc2 Nb6 13. Qxc6+ Bd7 14. Qc2 Rc8 15. Qb1 Nc4 16. Bd3 h6 17. h3 O-O 18. Qb3 f6 19. e6 Bxe6 20. Qxb5 Qd7 21. Qxd7 Bxd7 22. Rb1 Bd6 23. Nh4 Rb8 24. Rxb8 Rxb8 25. Nf5 Bb4 26. Bf4 Re8 27. g4 Bc3 28. Rb1 Nb2 29. Ba6 Bxf5 30. gxf5 Bxd4 31. Bb7 Rd8 32. Kf1 Nc4 33. Rb5 Nb6 34. a4 Nxa4 35. Bxd5+ Kh7 36. Bf7 Nc3 37. Rb7 Nd5 38. Bd2 Bc5 39. Rb5 Ne7 40. Rxc5 Rxd2 41. Be6 Rd6 42. Rc7 Nd5 43. Rc8 Nf4 44. Bg8+ Kh8 45. Bb3+ Kh7 46. h4 Rb6 47. Bg8+ Kh8 48. Ba2+ Kh7 49. h5 g5 50. fxg6+ 1-0

[Event "PanAm Intercolleagiate-ch 2019"]
[Site "Charlotte"]
[Date "2019.12.28"]
[Round "2.8"]
[White "Bok, Benjamin"]
[Black "Ramachandran, Karthik"]
[Result "0-1"]
[ECO "B51"]
[WhiteElo "2636"]
[BlackElo "2125"]
[Annotator "RC"]
[PlyCount "76"]
[EventDate "2019.12.27"]
[EventType "team-tourn"]
[EventCountry "USA"]
[SourceTitle "playchess.com"]
[Source "ChessBase"]
[SourceQuality "1"]
[TimeControl "5400+30"]

1. e4 c5 2. Nf3 d6 3. Bb5+ Nd7 4. O-O a6 5. Bd3 Ngf6 6. Re1 e6 7. c3 Be7 8. Bc2 b5 9. d4 Bb7 10. Qe2 Qc7 11. Bd3 O-O 12. Nbd2 Rfe8 13. Nf1 e5 14. d5 c4 15. Bc2 a5 16. Ng3 g6 17. h3 Reb8 18. Bh6 b4 19. Qd2 Nc5 20. Ng5 Ba6 21. Rab1 b3 22. axb3 cxb3 23. Bd1 a4 24. Be2 a3 25. bxa3 Bxe2 26. Rxe2 Rxa3 27. Nf3 Ra2 28. Qd1 Rxe2 29. Qxe2 Na4 30. Bd2 Nxc3 31. Bxc3 Qxc3 32. Qb2 Qxb2 33. Rxb2 Nd7 34. Nf1 Nc5 35. N1d2 f5 36. exf5 gxf5 37. Rb1 Rb4 38. Ra1 e4 0-1

[Event "PanAm Intercolleagiate-ch 2019"]
[Site "Charlotte"]
[Date "2019.12.28"]
[Round "2.10"]
[White "Martinez, Isaac"]
[Black "Gledura, Benjamin"]
[Result "1-0"]
[ECO "A37"]
[WhiteElo "2079"]
[BlackElo "2626"]
[Annotator "RC"]
[PlyCount "111"]
[EventDate "2019.12.27"]
[EventType "team-tourn"]
[EventCountry "USA"]
[SourceTitle "playchess.com"]
[Source "ChessBase"]
[SourceQuality "1"]
[TimeControl "5400+30"]

1. Nf3 c5 2. c4 g6 3. g3 Bg7 4. Bg2 Nc6 5. Nc3 d6 6. O-O e5 7. a3 a5 8. d3 Nge7 9. Bd2 O-O 10. Rb1 h6 11. Nb5 Be6 12. Qc1 Kh7 13. b4 axb4 14. axb4 b6 15. Bc3 Qd7 16. Nd2 Rac8 17. bxc5 bxc5 18. Ne4 Nf5 19. e3 Rcd8 20. Ra1 Qe7 21. Qa3 Rd7 22. Rfb1 Rc8 23. Qa6 Rdd8 24. Qb6 Bf8 25. Nxc5 dxc5 26. Bxc6 Rb8 27. Qa7 Qxa7 28. Rxa7 Rxd3 29. Bxe5 Rb6 30. Be4 Bxc4 31. Rxf7+ Bxf7 32. Bxd3 Bg7 33. Bxg7 Kxg7 34. Kf1 Nd6 35. Nxd6 Rxd6 36. Ke2 Kf6 37. Rc1 Rc6 38. e4 g5 39. f4 gxf4 40. gxf4 Bh5+ 41. Ke3 Bg4 42. e5+ Ke6 43. Bc4+ Kf5 44. Rb1 Kg6 45. Rg1 Kh5 46. Ke4 Rb6 47. Kd5 Rb2 48. e6 Rd2+ 49. Kxc5 Bxe6 50. Bxe6 Rxh2 51. f5 Rf2 52. Rg6 Rd2 53. Rg8 Rf2 54. Kd6 Kh4 55. Ke7 h5 56. Rf8 1-0

[Event "PanAm Intercolleagiate-ch 2019"]
[Site "Charlotte"]
[Date "2019.12.28"]
[Round "2.11"]
[White "Wang, Xiexin"]
[Black "Cordova, Emilio"]
[Result "0-1"]
[ECO "A25"]
[WhiteElo "2086"]
[BlackElo "2585"]
[Annotator "ChessBase"]
[PlyCount "84"]
[EventDate "2019.12.27"]
[EventType "team-tourn"]
[EventCountry "USA"]
[SourceTitle "playchess.com"]
[Source "ChessBase"]
[SourceQuality "1"]
[TimeControl "5400+30"]

1. c4 e5 2. g3 Nc6 3. Bg2 Bc5 4. Nc3 a6 5. e3 Ba7 6. Nge2 d6 7. Rb1 Bf5 8. d3 Qd7 9. Nd5 Rc8 10. b4 b5 11. Qc2 Nge7 12. Nxe7 Nxe7 13. Bb7 Rb8 14. Bf3 O-O 15. O-O bxc4 16. Qxc4 d5 17. Qc2 Rb6 18. Bb2 Bh3 19. Rfe1 Rf6 20. Bh1 Ng6 21. d4 e4 22. Nf4 Nxf4 23. exf4 Rxf4 24. Rbc1 Rc8 25. f3 Rf6 26. fxe4 dxe4 27. Qxe4 Re6 28. Qf4 h6 29. Bg2 Bxg2 30. Kxg2 Qd5+ 31. Kg1 Rxe1+ 32. Rxe1 Qxa2 33. Re2 Bb6 34. Kg2 Rd8 35. Qe5 Qc4 36. Re4 Qxb4 37. d5 Qd2+ 38. Kh3 Qg5 39. Qc3 Rxd5 40. Rg4 Qh5+ 41. Rh4 Qf5+ 42. Rg4 Qf1+ 0-1

[Event "PanAm Intercolleagiate-ch 2019"]
[Site "Charlotte"]
[Date "2019.12.28"]
[Round "2.14"]
[White "Vorontsov, Pavlo"]
[Black "Isakov, Michael"]
[Result "*"]
[ECO "D51"]
[WhiteElo "2539"]
[BlackElo "2162"]
[Annotator "ChessBase"]
[PlyCount "46"]
[EventDate "2019.12.27"]
[EventType "team-tourn"]
[EventCountry "USA"]
[SourceTitle "playchess.com"]
[Source "ChessBase"]
[SourceQuality "1"]
[TimeControl "5400+30"]

1. d4 e6 2. c4 Nf6 3. Nf3 d5 4. Nc3 Nbd7 5. Bg5 c6 6. e3 h6 7. Bh4 g5 8. Bg3 Nh5 9. Be5 Ng7 10. Bd3 g4 11. Bxg7 Bxg7 12. Nd2 f5 13. Qe2 Nf6 14. f3 Bd7 15. O-O-O Qe7 16. Nb3 O-O-O 17. Kb1 Kb8 18. f4 Bc8 19. Rc1 Ne4 20. c5 Qc7 21. Rc2 h5 22. Rhc1 Bd7 23. Qe1 g3 *

[Event "PanAm Intercolleagiate-ch 2019"]
[Site "Charlotte"]
[Date "2019.12.28"]
[Round "2.16"]
[White "Sorokin, Aleksey"]
[Black "Pinisetti, Prateek"]
[Result "*"]
[ECO "B14"]
[WhiteElo "2520"]
[BlackElo "2123"]
[Annotator "ChessBase"]
[PlyCount "55"]
[EventDate "2019.12.27"]
[EventType "team-tourn"]
[EventCountry "USA"]
[SourceTitle "playchess.com"]
[Source "ChessBase"]
[SourceQuality "1"]
[TimeControl "5400+30"]

1. e4 c6 2. d4 d5 3. exd5 cxd5 4. c4 Nf6 5. Nc3 g6 6. Bg5 Ne4 7. Nxe4 dxe4 8. Qd2 Bg7 9. Ne2 Bg4 10. d5 Na6 11. Nc3 Nc5 12. h3 Bf5 13. Be2 Rc8 14. O-O O-O 15. Rfd1 Re8 16. Rac1 Qa5 17. b3 b6 18. Be3 Red8 19. g4 Bd7 20. Bxc5 Bxc3 21. Qxc3 Qxc3 22. Rxc3 bxc5 23. Re3 f5 24. gxf5 Bxf5 25. Bf1 e6 26. Bg2 exd5 27. cxd5 Re8 28. Rde1 *

[Event "PanAm Intercolleagiate-ch 2019"]
[Site "Charlotte"]
[Date "2019.12.29"]
[Round "3.1"]
[White "Bruzon Batista, Lazaro"]
[Black "Popilski, Gil"]
[Result "1-0"]
[ECO "D34"]
[WhiteElo "2640"]
[BlackElo "2465"]
[Annotator "RC"]
[PlyCount "147"]
[EventDate "2019.12.27"]
[EventType "team-tourn"]
[EventCountry "USA"]
[SourceTitle "playchess.com"]
[Source "ChessBase"]
[SourceQuality "1"]
[TimeControl "5400+30"]

1. Nf3 c5 2. c4 Nf6 3. Nc3 e6 4. g3 Nc6 5. Bg2 d5 6. cxd5 exd5 7. d4 Be7 8. O-O O-O 9. Bf4 c4 10. Ne5 Bf5 11. Rc1 Rc8 12. g4 Nxg4 13. Nxg4 Bxg4 14. Nxd5 Bg5 15. Rxc4 Re8 16. Ne3 Bxf4 17. Nxg4 h5 18. d5 Bb8 19. dxc6 hxg4 20. Rxg4 bxc6 21. e3 Qf6 22. Qe2 Qh6 23. h3 Rcd8 24. Rd1 Qf6 25. Rxd8 Rxd8 26. Rc4 Qe6 27. b3 Qe5 28. Rc1 Rd6 29. Kf1 Rg6 30. Rxc6 Rxc6 31. Bxc6 Qa1+ 32. Kg2 Qf6 33. Be4 Qe5 34. Qf3 Qg5+ 35. Kf1 Qb5+ 36. Kg2 Qg5+ 37. Qg4 Qxg4+ 38. hxg4 Bd6 39. g5 g6 40. f4 Kg7 41. Kf3 f6 42. gxf6+ Kxf6 43. Bd5 g5 44. Kg4 gxf4 45. exf4 Bb4 46. Bc4 a5 47. Kf3 Kf5 48. Ba6 Ke6 49. Ke4 Kd6 50. Kd4 Ba3 51. Bd3 Bc1 52. f5 Ba3 53. Kc4 Ke5 54. Kb5 Bb4 55. a3 Bxa3 56. Kxa5 Kd4 57. Bc4 Be7 58. Be6 Kc3 59. Ka4 Bf8 60. f6 Bd6 61. f7 Bf8 62. Kb5 Kd4 63. Kc6 Ke5 64. Bc4 Ba3 65. Kd7 Kf6 66. Ke8 Kg7 67. Be6 Bf8 68. Bd5 Ba3 69. Kd7 Kf6 70. Kc6 Ke5 71. Kb5 Bf8 72. Kc4 Kd6 73. b4 Kc7 74. b5 1-0

[Event "PanAm Intercolleagiate-ch 2019"]
[Site "Charlotte"]
[Date "2019.12.29"]
[Round "3.10"]
[White "Marek, Matyas"]
[Black "Gledura, Benjamin"]
[Result "0-1"]
[ECO "A07"]
[WhiteElo "2378"]
[BlackElo "2626"]
[Annotator "RC"]
[PlyCount "112"]
[EventDate "2019.12.27"]
[EventType "team-tourn"]
[EventCountry "USA"]
[SourceTitle "playchess.com"]
[Source "ChessBase"]
[SourceQuality "1"]
[TimeControl "5400+30"]

1. Nf3 d5 2. g3 g6 3. Bg2 Bg7 4. O-O e5 5. d3 Ne7 6. e4 O-O 7. Nbd2 Nbc6 8. b3 d4 9. a4 Nb4 10. Nc4 Nec6 11. a5 Qe7 12. Qd2 Bg4 13. Ba3 Bxf3 14. Bxf3 b5 15. axb6 axb6 16. Kg2 Rfd8 17. Bg4 Bf8 18. f4 exf4 19. Qxf4 b5 20. Nd2 Rxa3 21. Rxa3 Nxc2 22. Raa1 Ne5 23. Be2 Nxa1 24. Rxa1 Qe6 25. Ra7 Bd6 26. Qf1 h5 27. Qa1 Bb4 28. Nf3 Nxf3 29. Kxf3 c6 30. Ra8 Rxa8 31. Qxa8+ Kg7 32. Kg2 h4 33. Qd8 h3+ 34. Kf2 Bd6 35. Bg4 Qxg4 36. Qxd6 Qd1 37. Qxd4+ Kh7 38. Qd7 Qxb3 39. Qxh3+ Kg7 40. Qd7 Qb2+ 41. Kf3 c5 42. e5 Qxh2 43. Qxb5 Qh5+ 44. Ke4 Qf5+ 45. Kd5 Qe6+ 46. Ke4 f5+ 47. Kf4 g5+ 48. Kf3 Qxe5 49. Qd7+ Kg6 50. Qd8 g4+ 51. Kg2 Qe2+ 52. Kg1 Qe3+ 53. Kg2 Qf3+ 54. Kh2 Qf2+ 55. Kh1 Qf1+ 56. Kh2 Qh3+ 0-1

[Event "PanAm Intercolleagiate-ch 2019"]
[Site "Charlotte"]
[Date "2019.12.29"]
[Round "3.14"]
[White "Shtembuliak, Evgeny"]
[Black "Hevia Alejano, Carlos Antonio"]
[Result "1/2-1/2"]
[ECO "A28"]
[WhiteElo "2600"]
[BlackElo "2465"]
[Annotator "RC"]
[PlyCount "58"]
[EventDate "2019.12.27"]
[EventType "team-tourn"]
[EventCountry "USA"]
[SourceTitle "playchess.com"]
[Source "ChessBase"]
[SourceQuality "1"]
[TimeControl "5400+30"]

1. c4 e5 2. Nc3 Nf6 3. Nf3 Nc6 4. e3 Bb4 5. Qc2 Bxc3 6. bxc3 O-O 7. d3 d6 8. Be2 h6 9. O-O b6 10. e4 Ne7 11. a4 a5 12. d4 Bb7 13. Nd2 c5 14. dxe5 dxe5 15. Rd1 Ng6 16. g3 Qc8 17. Rb1 Qc6 18. f3 h5 19. Nf1 h4 20. Ne3 Qe6 21. Bf1 Rad8 22. Nd5 Rd6 23. Be3 Bc8 24. Rb2 Nxd5 25. cxd5 Qf6 26. Qf2 Bd7 27. f4 hxg3 28. hxg3 exf4 29. gxf4 Nh4 1/2-1/2

[Event "PanAm Intercolleagiate-ch 2019"]
[Site "Charlotte"]
[Date "2019.12.29"]
[Round "4.4"]
[White "Hakobyan, Aram"]
[Black "Tokhirjonova, Gulrukhbegim"]
[Result "*"]
[ECO "D78"]
[WhiteElo "2576"]
[BlackElo "2421"]
[Annotator "ChessBase"]
[PlyCount "60"]
[EventDate "2019.12.27"]
[EventType "team-tourn"]
[EventCountry "USA"]
[SourceTitle "playchess.com"]
[Source "ChessBase"]
[SourceQuality "1"]
[TimeControl "5400+30"]

1. Nf3 d5 2. g3 g6 3. Bg2 Bg7 4. O-O Nf6 5. c4 c6 6. b3 Ne4 7. d4 O-O 8. Bb2 a5 9. Nc3 Bf5 10. Nh4 Nxc3 11. Bxc3 Be6 12. Qd3 Nd7 13. Rad1 a4 14. Bb4 axb3 15. cxd5 cxd5 16. Qxb3 Nb6 17. Bxe7 Qxe7 18. Qxb6 Rxa2 19. e3 Bf6 20. Nf3 Rc8 21. Ra1 Rxa1 22. Re1 Rb1 23. Rxb1 Rc6 24. Ra1 Qc7 25. Qb5 Kg7 26. Bf1 Be7 27. Ne1 Bd6 28. Nd3 b6 29. Rb1 Rc3 30. Rb3 Bf5 *

[Event "PanAm Intercolleagiate-ch 2019"]
[Site "Charlotte"]
[Date "2019.12.29"]
[Round "4.4"]
[White "Hakobyan, Aram"]
[Black "Tokhirjonova, Gulrukhbegim"]
[Result "1-0"]
[ECO "D78"]
[WhiteElo "2576"]
[BlackElo "2421"]
[Annotator "ChessBase"]
[PlyCount "123"]
[EventDate "2019.12.27"]
[EventType "team-tourn"]
[EventCountry "USA"]
[SourceTitle "playchess.com"]
[Source "ChessBase"]
[SourceQuality "1"]
[TimeControl "5400+30"]

1. Nf3 d5 2. g3 g6 3. Bg2 Bg7 4. O-O Nf6 5. c4 c6 6. b3 Ne4 7. d4 O-O 8. Bb2 a5 9. Nc3 Bf5 10. Nh4 Nxc3 11. Bxc3 Be6 12. Qd3 Nd7 13. Rad1 a4 14. Bb4 axb3 15. cxd5 cxd5 16. Qxb3 Nb6 17. Bxe7 Qxe7 18. Qxb6 Rxa2 19. e3 Bf6 20. Nf3 Rc8 21. Ra1 Rxa1 22. Rxa1 Rc6 23. Qb5 Qc7 24. Bf1 Kg7 25. Ne1 Be7 26. Nd3 Bd6 27. Rb1 b6 28. Bg2 Rc3 29. Bf1 Bf5 30. Rb3 Rxb3 31. Qxb3 Qc6 32. Qb2 h5 33. Nc1 h4 34. Na2 Qc7 35. Bg2 b5 36. Bxd5 hxg3 37. hxg3 Bxg3 38. fxg3 Qxg3+ 39. Bg2 Qxe3+ 40. Qf2 Qd3 41. Kh2 Qc4 42. Qd2 Qc7+ 43. Kg1 Qg3 44. Qf2 Qd3 45. Kh2 Be6 46. d5 Bf5 47. Nb4 Qc3 48. Qf4 Qc4 49. Qd2 Qh4+ 50. Kg1 Qg4 51. d6 f6 52. Nd5 Bd7 53. Qc3 Qd1+ 54. Kf2 Kh6 55. Qxf6 Qd2+ 56. Kg1 Qd1+ 57. Kh2 Qh5+ 58. Kg3 Qg4+ 59. Kf2 b4 60. Bh3 Qxh3 61. Qf8+ Kg5 62. Qf4+ 1-0

[Event "PanAm Intercolleagiate-ch 2019"]
[Site "Charlotte"]
[Date "2019.12.29"]
[Round "4.5"]
[White "Swiercz, Dariusz"]
[Black "Dragun, Kamil"]
[Result "1-0"]
[ECO "E62"]
[WhiteElo "2659"]
[BlackElo "2587"]
[Annotator "RC"]
[PlyCount "67"]
[EventDate "2019.12.27"]
[EventType "team-tourn"]
[EventCountry "USA"]
[SourceTitle "playchess.com"]
[Source "ChessBase"]
[SourceQuality "1"]
[TimeControl "5400+30"]

1. d4 Nf6 2. c4 g6 3. Nf3 Bg7 4. g3 O-O 5. Bg2 d6 6. O-O c6 7. Nc3 Bf5 8. b3 Ne4 9. Bb2 Nxc3 10. Bxc3 Be4 11. e3 d5 12. Bh3 dxc4 13. bxc4 c5 14. Rc1 e6 15. Nd2 cxd4 16. exd4 Bc6 17. Nb3 a5 18. Qd2 b6 19. d5 exd5 20. Bxg7 Kxg7 21. Rfd1 d4 22. c5 bxc5 23. Rxc5 Bf3 24. Re1 d3 25. Rc8 Qd6 26. Qc3+ Kh6 27. Rxf8 Qxf8 28. Nd4 Qb4 29. Qxb4 axb4 30. Nxf3 Rxa2 31. Bf1 b3 32. Bxd3 b2 33. Kg2 Ra1 34. Rb1 1-0

[Event "PanAm Intercolleagiate-ch 2019"]
[Site "Charlotte"]
[Date "2019.12.29"]
[Round "4.7"]
[White "Theodorou, Nikolas"]
[Black "Belous, Vladimir"]
[Result "1-0"]
[ECO "E60"]
[WhiteElo "2555"]
[BlackElo "2529"]
[Annotator "ChessBase"]
[PlyCount "111"]
[EventDate "2019.12.27"]
[EventType "team-tourn"]
[EventCountry "USA"]
[SourceTitle "playchess.com"]
[Source "ChessBase"]
[SourceQuality "1"]
[TimeControl "5400+30"]

1. d4 Nf6 2. c4 g6 3. g3 Bg7 4. Bg2 c5 5. Nf3 Qa5+ 6. Bd2 Qb6 7. Qb3 Ne4 8. dxc5 Qxb3 9. axb3 Bxb2 10. Ra2 Bg7 11. Be3 Na6 12. Ra5 Nb4 13. O-O Nc6 14. Ra2 Nb4 15. Ra5 Nc6 16. Ra4 f5 17. b4 e5 18. Nfd2 Nf6 19. b5 Nd8 20. Nb3 Ne6 21. Nc3 a6 22. Nd5 Rb8 23. Rb4 axb5 24. cxb5 Nxd5 25. Bxd5 Nc7 26. Bg2 Ra8 27. b6 Ne6 28. Bd5 Ke7 29. Rd1 Bf6 30. Rb5 g5 31. Ra5 Rxa5 32. Nxa5 f4 33. Bc1 Nxc5 34. Ba3 d6 35. Nc4 e4 36. Bc6 bxc6 37. Nxd6 Ke6 38. Bxc5 Rd8 39. Rb1 Be5 40. Nxe4 Kf5 41. Nxg5 Rd5 42. e4+ fxe3 43. Bxe3 Rb5 44. Rc1 Bb7 45. Nxh7 Bb2 46. Rd1 c5 47. Rd7 Ba8 48. h3 Bg7 49. f4 Bc3 50. Ng5 c4 51. Rf7+ Kg6 52. f5+ Rxf5 53. b7 Bxb7 54. Rxb7 Bf6 55. Rb6 c3 56. Ne4 1-0

[Event "PanAm Intercolleagiate-ch 2019"]
[Site "Charlotte"]
[Date "2019.12.29"]
[Round "4.9"]
[White "Preotu, Razvan"]
[Black "Quesada Perez, Yuniesky"]
[Result "1/2-1/2"]
[ECO "C54"]
[WhiteElo "2487"]
[BlackElo "2601"]
[Annotator "RC"]
[PlyCount "106"]
[EventDate "2019.12.27"]
[EventType "team-tourn"]
[EventCountry "USA"]
[SourceTitle "playchess.com"]
[Source "ChessBase"]
[SourceQuality "1"]
[TimeControl "5400+30"]

1. e4 e5 2. Nf3 Nc6 3. Bc4 Bc5 4. O-O Nf6 5. d3 d6 6. c3 a6 7. a4 Ba7 8. Re1 O-O 9. h3 Ne7 10. d4 Ng6 11. Bd3 h6 12. Be3 Re8 13. Nbd2 Nh7 14. Nf1 Ng5 15. Nxg5 hxg5 16. g3 Nf8 17. Qf3 Be6 18. Kh2 Nh7 19. d5 Bd7 20. a5 g6 21. Bxa7 Rxa7 22. Ne3 Kg7 23. b4 Rh8 24. g4 Nf6 25. Kg2 Qe7 26. Rab1 b5 27. c4 Rb8 28. cxb5 Bxb5 29. Bxb5 Rxb5 30. Nc4 Qe8 31. Qc3 Rb8 32. Nb2 Qd7 33. f3 Ng8 34. Nd3 Ne7 35. Rbc1 Rc8 36. Qd2 c6 37. dxc6 Nxc6 38. Qxg5 Rac7 39. Rc4 Nd8 40. Rxc7 Rxc7 41. Qd2 Ne6 42. Rc1 Rxc1 43. Nxc1 Nf4+ 44. Kg3 Qa7 45. Ne2 Nxe2+ 46. Qxe2 Qg1+ 47. Qg2 Qe1+ 48. Qf2 Qxb4 49. Qb6 Qe1+ 50. Kg2 Qd2+ 51. Kg3 Qe1+ 52. Kg2 Qd2+ 53. Kg3 Qe1+ 1/2-1/2

[Event "PanAm Intercolleagiate-ch 2019"]
[Site "Charlotte"]
[Date "2019.12.29"]
[Round "4.11"]
[White "Reshef, Omer"]
[Black "Cordova, Emilio"]
[Result "1/2-1/2"]
[ECO "B50"]
[WhiteElo "2458"]
[BlackElo "2585"]
[Annotator "ChessBase"]
[PlyCount "80"]
[EventDate "2019.12.27"]
[EventType "team-tourn"]
[EventCountry "USA"]
[SourceTitle "playchess.com"]
[Source "ChessBase"]
[SourceQuality "1"]
[TimeControl "5400+30"]

1. e4 c5 2. Nf3 Nc6 3. b3 d6 4. Bb2 Nf6 5. Nc3 e5 6. g3 g6 7. Bg2 Bg7 8. O-O O-O 9. d3 Rb8 10. a4 a6 11. Nd2 b5 12. axb5 axb5 13. h3 Be6 14. Re1 Qd7 15. Kh2 c4 16. bxc4 bxc4 17. Ba3 cxd3 18. cxd3 Rfc8 19. Nd5 Bxd5 20. exd5 Nb4 21. Bxb4 Rxb4 22. Ra6 Qf5 23. Qe2 Rb2 24. Rb1 Rbc2 25. Rxd6 Bh6 26. Rd1 R8c3 27. Qf3 Qxf3 28. Nxf3 Kg7 29. Kg1 e4 30. Rxf6 Rc1 31. Rxc1 Rxc1+ 32. Bf1 Kxf6 33. dxe4 Ke7 34. Kg2 Kd6 35. Bb5 f6 36. h4 Kc5 37. Be2 Rc2 38. Kf1 Rc1+ 39. Kg2 Rc2 40. Kf1 Rc1+ 1/2-1/2

[Event "PanAm Intercolleagiate-ch 2019"]
[Site "Charlotte"]
[Date "2019.12.29"]
[Round "4.12"]
[White "Burke, John M"]
[Black "Grinberg, Eyal"]
[Result "1/2-1/2"]
[ECO "B51"]
[WhiteElo "2551"]
[BlackElo "2465"]
[Annotator "ChessBase"]
[PlyCount "108"]
[EventDate "2019.12.27"]
[EventType "team-tourn"]
[EventCountry "USA"]
[SourceTitle "playchess.com"]
[Source "ChessBase"]
[SourceQuality "1"]
[TimeControl "5400+30"]

1. e4 c5 2. Nf3 d6 3. Bb5+ Nd7 4. a4 Ngf6 5. Nc3 a6 6. Be2 e5 7. d3 Be7 8. Nd2 Nf8 9. Nc4 Ne6 10. O-O O-O 11. a5 Bd7 12. Na4 Bc6 13. Nab6 Rb8 14. c3 Nd7 15. g3 Nxb6 16. Nxb6 Nc7 17. Bg4 d5 18. Qe2 Re8 19. c4 dxe4 20. dxe4 Ne6 21. Bxe6 fxe6 22. f3 Rf8 23. Be3 Qe8 24. Rad1 Rd8 25. Rxd8 Qxd8 26. Rd1 Qc7 27. Kg2 Rd8 28. Rd2 Rxd2 29. Qxd2 Qd6 30. Qc3 Bd8 31. Qa3 Bxb6 32. axb6 Qd1 33. Qc3 Qd6 34. g4 h6 35. Kg3 Bd7 36. Qa5 Qd3 37. Qxc5 Ba4 38. h4 Bd1 39. g5 hxg5 40. hxg5 Qe2 41. Qc8+ Kh7 42. g6+ Kxg6 43. Qxe6+ Kh7 44. Qf5+ Kg8 45. Bf2 Qxc4 46. Qxe5 Qf7 47. Qc3 Qg6+ 48. Kh2 Qf6 49. Qc8+ Kh7 50. Qh3+ Qh6 51. Qxh6+ Kxh6 52. Kg3 Kg6 53. f4 Kf7 54. f5 g6 1/2-1/2

[Event "PanAm Intercolleagiate-ch 2019"]
[Site "Charlotte"]
[Date "2019.12.29"]
[Round "4.13"]
[White "Baryshpolets, Andrey"]
[Black "Rambaldi, Francesco"]
[Result "1/2-1/2"]
[ECO "E04"]
[WhiteElo "2564"]
[BlackElo "2570"]
[Annotator "ChessBase"]
[PlyCount "48"]
[EventDate "2019.12.27"]
[EventType "team-tourn"]
[EventCountry "USA"]
[SourceTitle "playchess.com"]
[Source "ChessBase"]
[SourceQuality "1"]
[TimeControl "5400+30"]

1. d4 Nf6 2. c4 e6 3. Nf3 d5 4. g3 dxc4 5. Bg2 a6 6. Ne5 Bb4+ 7. Nc3 Nd5 8. Bd2 Nb6 9. e3 N8d7 10. Nxd7 Qxd7 11. Ne4 a5 12. a3 Be7 13. Nc5 Bxc5 14. dxc5 Nd5 15. Qg4 O-O 16. Qxc4 b6 17. Bc3 Ba6 18. Qd4 f6 19. O-O-O Qc6 20. Bxd5 exd5 21. Rhg1 Rad8 22. cxb6 Qxb6 23. Qxb6 cxb6 24. Rd4 Bc4 1/2-1/2

[Event "PanAm Intercolleagiate-ch 2019"]
[Site "Charlotte"]
[Date "2019.12.29"]
[Round "4.16"]
[White "Kevlishvili, Robby"]
[Black "Sorokin, Aleksey"]
[Result "0-1"]
[ECO "C78"]
[WhiteElo "2457"]
[BlackElo "2520"]
[Annotator "ChessBase"]
[PlyCount "55"]
[EventDate "2019.12.27"]
[EventType "team-tourn"]
[EventCountry "USA"]
[SourceTitle "playchess.com"]
[Source "ChessBase"]
[SourceQuality "1"]
[TimeControl "5400+30"]

1. e4 e5 2. Nf3 Nc6 3. Bb5 a6 4. Ba4 Nf6 5. O-O Bc5 6. c3 b5 7. Bb3 d6 8. a4 Bg4 9. h3 Bxf3 10. Qxf3 Na5 11. Bc2 b4 12. Qd1 Qb8 13. d4 b3 14. Bd3 exd4 15. cxd4 Bxd4 16. Bxa6 Qb6 17. Bb5+ c6 18. Bd3 O-O 19. Nd2 Rfe8 20. Qf3 Ra7 21. Qg3 Bc5 22. Kh1 Rae7 23. f3 Bd4 24. Nc4 Nxc4 25. Bxc4 Qb4 26. Bd3 Be5 27. Qe1 Qd4 28. Qe3 0-1

[Event "PanAm Intercolleagiate-ch 2019"]
[Site "Charlotte"]
[Date "2019.12.30"]
[Round "5.3"]
[White "Vorontsov, Pavlo"]
[Black "Theodorou, Nikolas"]
[Result "1-0"]
[ECO "E70"]
[WhiteElo "2539"]
[BlackElo "2555"]
[Annotator "RC"]
[PlyCount "65"]
[EventDate "2019.12.27"]
[EventType "team-tourn"]
[EventCountry "USA"]
[SourceTitle "playchess.com"]
[Source "ChessBase"]
[SourceQuality "1"]
[TimeControl "5400+30"]

1. c4 Nf6 2. Nc3 g6 3. d4 Bg7 4. e4 d6 5. Nge2 O-O 6. Ng3 h5 7. Be2 b5 8. Bf3 e5 9. dxe5 Ng4 10. exd6 Nc6 11. Bxg4 Bxg4 12. f3 Be6 13. cxb5 Ne5 14. f4 Bg4 15. Nge2 Nc4 16. Qd3 Nxd6 17. O-O a6 18. bxa6 Bc8 19. f5 gxf5 20. exf5 Nxf5 21. Qe4 Rxa6 22. Rxf5 Re8 23. Rd5 Rd6 24. Rxd6 cxd6 25. Qf3 Bxc3 26. Nxc3 Qb6+ 27. Be3 Rxe3 28. Qf2 Bb7 29. Rf1 f5 30. Nd1 Re2 31. Qxb6 Rxg2+ 32. Kh1 Be4 33. Rf3 1-0

[Event "PanAm Intercolleagiate-ch 2019"]
[Site "Charlotte"]
[Date "2019.12.30"]
[Round "5.8"]
[White "Burke, John M"]
[Black "Hakobyan, Aram"]
[Result "1/2-1/2"]
[ECO "B15"]
[WhiteElo "2551"]
[BlackElo "2576"]
[Annotator "RC"]
[PlyCount "30"]
[EventDate "2019.12.27"]
[EventType "team-tourn"]
[EventCountry "USA"]
[SourceTitle "playchess.com"]
[Source "ChessBase"]
[SourceQuality "1"]
[TimeControl "5400+30"]

1. e4 c6 2. Nc3 d5 3. d4 dxe4 4. Nxe4 Nf6 5. Nxf6+ exf6 6. c3 Bf5 7. Bd3 Bxd3 8. Qxd3 Bd6 9. Nf3 O-O 10. O-O Nd7 11. Bd2 Nc5 12. Qc2 Ne6 13. Rfe1 Bc7 14. Re2 Qd5 15. Qb3 a5 1/2-1/2